 Dungeon Crawl Stone Soup version 0.26.1-11-gd32895ea62 (webtiles) character file.

Game seed: 16146188557995122242

154 Zeld the Digger (level 5, -5/30 HPs)
             Began as a Gargoyle Earth Elementalist on June 4, 2021.
             Slain by a centaur skeleton (6 damage)
             ... on level 6 of the Dungeon.
             The game lasted 00:02:59 (1922 turns).

Zeld the Digger (Gargoyle Earth Elementalist)       Turns: 1922, Time: 00:02:59

Health: -5/30      AC:  6    Str: 12    XL:     5   Next: 36%
Magic:  0/9        EV: 12    Int: 16    God:
Gold:   130        SH:  0    Dex: 10    Spells: 3/9 levels left

rFire    . . .     SeeInvis .   (no weapon)
rCold    . . .     Faith    .   (no shield)
rNeg     + . .     Spirit   .   c - +0 robe
rPois    ∞         Reflect  .   (no helmet)
rElec    +         Harm     .   (no cloak)
rCorr    .         Rampage  .   (no gloves)
Will     .....                  (no boots)
Stlth    ++........             (no amulet)
HPRegen  0.10/turn              (no ring)
MPRegen  0.11/turn              (no ring)

@: no status effects
A: negative energy resistance 1, electricity resistance, unbreathing,
petrification resistance, miasma immunity, AC +4
a: no special abilities


You were on level 6 of the Dungeon.
You visited 1 branch of the dungeon, and saw 4 of its levels.

You collected 130 gold pieces.

Inventory:

Missiles
 b - 99 stones
Armour
 c - a +0 robe (worn)
Scrolls
 d - 2 scrolls of fear {unknown}
 e - 2 scrolls of identify {unknown}
 h - 3 scrolls of remove curse {unknown}
 j - 3 scrolls of teleportation {unknown}
 k - 2 scrolls of enchant weapon {unknown}
Potions
 a - 3 potions of ambrosia {unknown}
 f - a potion of haste {unknown}
 g - a potion of magic {unknown}
 i - a potion of brilliance {unknown}
 l - a potion of curing {unknown}


   Skills:
 + Level 2.1 Fighting
 + Level 2.3 Dodging
 - Level 2.1 Stealth
 + Level 2.8 Spellcasting
 - Level 0.7 Transmutations
 * Level 5.2 Earth Magic


You had 3 spell levels left.
You knew the following spells:

 Your Spells              Type           Power        Failure   Level
a - Sandblast             Erth           38%          2%          1
b - Passwall              Tmut/Erth      9%           9%          2
c - Stone Arrow           Conj/Erth      20%          19%         3

Your spell library contained the following spells:

 Spells                   Type           Power        Failure   Level
 Petrify                  Tmut/Erth      11%          50%         4
 Lee's Rapid Deconstruct  Erth           9%           52%         5


Dungeon Overview and Level Annotations

Branches:
Dungeon (3/15)

Altars:
Fedhas
Nemelex Xobeh
Uskayaw


Innate Abilities, Weirdness & Mutations

You are resistant to torment.
Your stone body is resilient. (AC +4)
You are immune to poison.
You resist negative energy. (rN+)
You are resistant to electric shocks. (rElec)
You can survive without breathing.
You are immune to petrification.
You are immune to miasma.


Message History

You kill the water moccasin!
b - 99 stones Your Fighting skill increases to level 2!
Your Earth Magic skill increases to level 5!
You have reached level 4!
You feel stronger.
You have reached level 5!
You hit the centaur skeleton.
The centaur skeleton is lightly damaged.
The centaur skeleton hits you but does no damage.
You hit the centaur skeleton.
The centaur skeleton is lightly damaged.
The centaur skeleton hits you.
* * * LOW HITPOINT WARNING * * *
The centaur skeleton hits you.
* * * LOW HITPOINT WARNING * * *
You hit the centaur skeleton but do no damage.
The centaur skeleton is lightly damaged.
The centaur skeleton hits you.
You die...

### #.# #.# #.#
#.## #.. #.#
#@# #Z#
#######.#
#...S...#
#...[........Z.
#..#####.#.#.##
#. #.#.# #.# #
..#


You could see a centaur skeleton.

Vanquished Creatures
  A water moccasin (D:6)
  An ooze (D:2)
  2 leopard geckos (D:1)
  2 giant cockroaches (D:1)
  6 goblins
  3 hobgoblins
  6 jackals
  A quokka (D:2)
  7 bats
  4 frilled lizards
  2 kobolds
35 creatures vanquished.

Notes
Turn   | Place    | Note
-------+----------+-------------------------------------------
     0 | D:1      | Zeld the Gargoyle Earth Elementalist began the quest for
                  | the Orb.
     0 | D:1      | Reached XP level 1. HP: 10/10 MP: 3/3
   475 | D:1      | Reached XP level 2. HP: 16/16 MP: 3/5
   505 | D:1      | Learned a level 2 spell: Passwall
   562 | D:1      | Reached skill level 4 in Earth Magic
  1112 | D:2      | Reached skill level 1 in Fighting
  1113 | D:2      | Reached XP level 3. HP: 20/20 MP: 3/6
  1117 | D:2      | Learned a level 3 spell: Stone Arrow
  1366 | D:2      | Found a blossoming altar of Fedhas.
  1707 | D:2      | Found a hide-covered altar of Uskayaw.
  1730 | D:2      | Found a sparkling altar of Nemelex Xobeh.
  1904 | D:3      | You fall into a shaft and drop 3 floors!
  1905 | D:6      | Noticed a water moccasin
  1919 | D:6      | Killed a water moccasin
  1920 | D:6      | Reached skill level 5 in Earth Magic
  1920 | D:6      | Reached XP level 4. HP: 6/26 MP: 0/8
  1920 | D:6      | Reached XP level 5. HP: 7/30 MP: 0/9
  1921 | D:6      | HP: 1/30 [centaur skeleton (5)]
  1922 | D:6      | Slain by a centaur skeleton

Illustrated notes

Levels and vault maps discovered:
D:1:      eino_arrival_water_star, layout_loops_ring, minmay_misc_feat_room
D:2:      layout_basic, amethyst_overflow_temple_binary,
          hangedman_decor_clover_reticule, dk_noncrumbling_2, fedhas_altar_2
D:3:      layout_basic, xom_teletrap_fun, uniq_grinder
D:6:      nicolae_whirlpool, layout_basic, lemuel_tele_altar, uniq_menkaure

Skill      XL: |  1  2  3 |
---------------+----------+-----
Earth Magic    | 4 5 |  5.2
Fighting       | 1 2 |  2.1
Dodging        | 2 |  2.3
Stealth        | |  2.1
Spellcasting   | |  2.8
Transmutations | |  0.7

Action                   |  1- 3 |  4- 6 || total
-------------------------+-------+-------++-------
Melee: Unarmed           |     6 |     3 ||     9
 Cast: Sandblast         |    45 |       ||    45
Armor: Robe              |     6 |     1 ||     7
Dodge: Dodged            |    14 |       ||    14
